 Dungeon Crawl Stone Soup version 0.28-a0-1616-g050a50673c (webtiles) character file.

Game seed: 8377384462569813747

53 a3don the Digger (level 3, 0/30 HPs)
             Began as a Deep Dwarf Earth Elementalist on Jan 22, 2022.
             Slain by Grinder (4 damage)
             ... on level 3 of the Dungeon.
             The game lasted 00:05:24 (1591 turns).

a3don the Digger (Deep Dwarf Earth Elementalist)    Turns: 1591, Time: 00:05:27

Health: 0/30       AC:  2    Str: 11    XL:     3   Next: 64%
Magic:  0/6        EV: 12    Int: 17    God:
Gold:   77         SH:  0    Dex: 13    Spells: 2/6 levels left

rFire   . . .      SeeInvis .   a - +2 short sword (drain)
rCold   . . .      Faith    .   (no shield)
rNeg    . . .      Spirit   .   m - +0 robe
rPois   .          Reflect  .   (no helmet)
rElec   .          Harm     .   (no cloak)
rCorr   .          Rampage  .   (no gloves)
Will    .....                   (no boots)
Stlth   ++........              (no amulet)
HPRegen 0.00/turn               (no ring)
MPRegen 0.10/turn               (no ring)

@: no status effects
A: damage resistance, heal wounds, sense surroundings 1, no regeneration
a: Heal Wounds


You were on level 3 of the Dungeon.
You visited 1 branch of the dungeon, and saw 3 of its levels.

You collected 77 gold pieces.

Inventory:

Hand Weapons
 a - a +2 short sword of draining (weapon)
 b - a +0 hunting sling
 d - a +0 dagger
 i - a +0 spear
 q - a +2 dagger of draining
Missiles
 c - 21 stones
 n - 10 sling bullets
Armour
 m - a +0 robe (worn)
Jewellery
 h - a +4 ring of slaying
 o - a ring of positive energy
Scrolls
 f - a scroll of fog {unknown}
 j - a scroll of blinking {unknown}
 k - 2 scrolls of amnesia {unknown}
 l - 5 scrolls of identify {unknown}
 p - a scroll of brand weapon {unknown}
Potions
 e - 2 potions of curing {unknown}
 g - 2 potions of degeneration {unknown}
 r - a potion of heal wounds {unknown}


   Skills:
 + Level 0.9 Fighting
 - Level 0.2 Polearms
 + Level 2.5 Dodging
 + Level 3.0 Stealth
 + Level 2.1 Spellcasting
 + Level 0.2 Conjurations
 + Level 1.5 Transmutations
 + Level 4.4 Earth Magic


You had 2 spell levels left.
You knew the following spells:

 Your Spells              Type           Power      Damage    Failure   Level
a - Sandblast             Erth           32%        2d9       3%          1
c - Stone Arrow           Conj/Erth      18%        3d8       22%         3

Your spell library contained the following spells:

 Spells                   Type           Power      Damage    Failure   Level
 Passwall                 Tmut/Erth      9%         N/A       9%          2
 Petrify                  Tmut/Erth      11%        N/A       50%         4


Dungeon Overview and Level Annotations

Branches:
Dungeon (3/15)

Altars:

Annotations:
D:3 Grinder


Innate Abilities, Weirdness & Mutations

You are resistant to damage.
You can heal yourself by infusing magical energy.
You passively map a small area around you.
You do not regenerate.


Message History

Pain shoots through your body!
You hit Grinder.
Grinder is moderately wounded.
Grinder hits you!
You puncture Grinder!
Grinder is heavily wounded.
Grinder closely misses you.
You barely miss Grinder.
Grinder is heavily wounded.
Grinder hits you! Grinder gestures at you. You resist with significant effort.
Casting: Stone Arrow (quite dangerous; 22% risk of failure)
Confirm with . or Enter, or press ? or * to list all spells.
Aiming: Sandblast (safe; 3% risk of failure)
Press: ? - help, Shift-Dir - straight line, f/p - Grinder
Aim: Grinder (heavily wounded, 77% to hit)
The blast of sand hits Grinder!
Grinder is severely wounded.
Grinder hits you.
Casting: Sandblast (safe; 3% risk of failure)
Confirm with . or Enter, or press ? or * to list all spells.
Aiming: Sandblast (safe; 3% risk of failure)
Press: ? - help, Shift-Dir - straight line, f/p - Grinder
Aim: Grinder (severely wounded, 77% to hit)
The blast of sand hits Grinder!
Grinder is almost dead.
Grinder hits you.
* * * LOW HITPOINT WARNING * * *
You writhe in agony.
* * * LOW HITPOINT WARNING * * *
Casting: Sandblast (safe; 3% risk of failure)
Confirm with . or Enter, or press ? or * to list all spells.
Aiming: Sandblast (safe; 3% risk of failure)
Press: ? - help, Shift-Dir - straight line, f/p - Grinder
Aim: Grinder (almost dead, 77% to hit)
The blast of sand hits Grinder but does no damage.
Grinder is almost dead.
Grinder hits you.
You die...

### * ,,, ,,, ,.(.,
, , , , * * #.#* ,
*, #.#* ## * * #.#
.( , , #######5#.# *
* #......@..# * .###
#.#####.### * .....
#.# #.# , *
.##..##.#####.# *
..............####
.###.........(....,,
, ####.##.#######*
#.##.# * *
#####<##)#


You could see Grinder.

Vanquished Creatures
  A gnoll (D:1)
  A dart slug (D:1)
  4 endoplasms
  3 giant cockroaches
  3 goblins (D:2)
  4 hobgoblins
  2 quokkas (D:2)
  2 ball pythons (D:2)
  8 bats
  5 frilled lizards
  4 kobolds
  4 rats
41 creatures vanquished.

Notes
Turn   | Place    | Note
-------+----------+-------------------------------------------
     0 | D:1      | a3don the Deep Dwarf Earth Elementalist began the quest for
                  | the Orb.
     0 | D:1      | Reached XP level 1. HP: 15/15 MP: 3/3
    72 | D:1      | Reached skill level 1 in Transmutations
   321 | D:1      | Reached XP level 2. HP: 22/22 MP: 1/4
  1006 | D:2      | Reached XP level 3. HP: 20/30 MP: 4/6
  1095 | D:2      | Learned a level 3 spell: Stone Arrow
  1561 | D:3      | Noticed Grinder
  1571 | D:3      | Paralysed by Grinder for 6 turns
  1591 | D:3      | Slain by Grinder

Illustrated notes

Levels and vault maps discovered:
D:1:      lemuel_arrival_funnel, layout_basic, minmay_crystal_room, minivault_24
D:2:      layout_rooms, minmay_cupped
D:3:      layout_loops_ring, uniq_grinder

Skill      XL: |  1  2  3 |
---------------+----------+-----
Transmutations | 1 |  1.5
Spellcasting   | 2 |  2.1
Stealth        | 3 |  3.0
Fighting       | |  0.9
Polearms       | |  0.2
Dodging        | |  2.5
Conjurations   | |  0.2
Earth Magic    | |  4.4

Action                   || total
-------------------------++-------
Melee: Dagger            ||    12
       Spear             ||     1
       Short sword       ||     6
 Fire: Hunting sling     ||    18
 Cast: Sandblast         ||    40
       Stone Arrow       ||     1
 Abil: Heal Wounds       ||     1
 Stab: Sleeping          ||     2
Armor: Robe              ||     4
Dodge: Dodged            ||    22

Table legend: (Time is in decaauts)
 A = Elapsed time spent in this place.
 B = Non-inter-level travel time spent in this place.
 C = Inter-level travel time spent in this place.
 D = Time resting spent in this place.
 E = Time spent auto-exploring this place.
 F = Levels seen in this place.
 G = Mean time per level.
                   A        B        C        D        E       F      G
               +--------+--------+--------+--------+--------+-----+--------+
         Total |   1585 |   1562 |     23 |    240 |   1046 |   3 |  528.3 |
       Dungeon |   1585 |   1562 |     23 |    240 |   1046 |   3 |  528.3 |
               +--------+--------+--------+--------+--------+-----+--------+

Top non-repeatable levels by time:
     D:1: 905 daAuts
     D:2: 627 daAuts
     D:3: 53 daAuts
